 Dungeon Crawl Stone Soup version 0.29.1-12-g30fa7ad0bf (webtiles) character file.

Game seed: 2810482467217465587

238 bubby the Charlatan (level 5, 0/52 HPs)
             Began as a Demonspawn Wanderer on Jan 15, 2023.
             Slain by a ball python (2 damage)
             ... in a sewer.
             The game lasted 00:08:04 (3226 turns).

bubby the Charlatan (Demonspawn Wanderer)           Turns: 3226, Time: 00:08:04

Health: 0/52       AC: 22    Str: 15 (16) XL:     5   Next: 78%
Magic:  5/5        EV: -1    Int:  6 (9)  God:
Gold:   134        SH:  0    Dex: 10 (13) Spells: 4/4 levels left

rFire   + . .      SeeInvis .   a - +0 spear
rCold   . . .      Faith    .   (no shield)
rNeg    . . .      Spirit   .   (body armour currently unavailable)
rPois   +          Reflect  .   (helmet currently unavailable)
rElec   .          Harm     .   (cloak currently unavailable)
rCorr   .          Rampage  .   (gloves currently unavailable)
Will    .....      NoTele   +   (boots currently unavailable)
Stlth   ++........              (no amulet)
HPRegen 0.17/turn               w - ring of protection from fire
MPRegen 0.09/turn               (no ring)

@: mighty, tree-form, constricted, invisible
A: stationary, stasis, torment immunity, boosted hp, (antennae 1), ignite blood
1, powered by pain 1, (iridescent scales 1), dopey 1
a: no special abilities


You were in a sewer.
You were a tree.
You visited 1 branch of the dungeon, and saw 3 of its levels.
You also visited: Sewer.

You collected 134 gold pieces.

Inventory:

Hand Weapons
 a - a +0 spear (weapon)
 n - a +0 scythe
 r - a +0 trident
Armour
 b - a +0 chain mail
 u - a +0 pair of gloves (melded)
 v - the +1 robe "Miovadye" (melded) {Str+7}
   (You found it on level 3 of the Dungeon)

   Str:       It affects your strength (+7).
Jewellery
 w - a ring of protection from fire (left branch)
Wands
 m - a wand of polymorph (8)
Scrolls
 d - a scroll of fear
 f - a scroll of noise {unknown}
 j - a scroll of poison {unknown}
 k - a scroll of amnesia {unknown}
 l - a scroll of brand weapon {unknown}
 o - a scroll of enchant weapon {unknown}
 p - a scroll of enchant armour {unknown}
 q - a scroll of immolation {unknown}
 t - a scroll of identify {unknown}
 x - a scroll of magic mapping {unknown}
Potions
 g - a potion of mutation
Miscellaneous
 c - a piece from Xom's chessboard (15/15) (quivered)


   Skills:
 + Level 2.6 Polearms
 + Level 3.1 Armour
 + Level 3.3 Stealth
 + Level 5.7 Evocations


You had 4 spell levels left.
You didn't know any spells.
Your spell library was empty.

Dungeon Overview and Level Annotations

Branches:
Dungeon (3/15)              Sewer (1/1)

Altars:

Shops:
D:1 (


Innate Abilities, Weirdness & Mutations

You are a tree.
Your roots penetrate the ground, keeping you stationary.
You cannot be teleported.
You are immune to unholy pain and torment.
Your maximum health is greatly increased.
Your equipment is partially melded.
((You have a pair of small antennae on your head.))
Your demonic aura sometimes causes spilled blood to erupt in flames.
You sometimes gain a little power by taking damage.
((You are partially covered in iridescent scales. (AC +2)))
You are dopey. (Int -2)


Message History

* * * LOW HITPOINT WARNING * * *
You feel sick. The adder barely misses you. The river rat closely misses you.
The ball python bites you but does no damage.
The ball python closely misses you.
The ball python bites you but does no damage.
The ball python constricts you. The rat barely misses you.
The ball python bites you.
* * * LOW HITPOINT WARNING * * *
You feel better. The adder bites you but does no damage.
The ball python bites you but does no damage. x2
The ball python bites you.
* * * LOW HITPOINT WARNING * * *
The ball python constricts you. The river rat closely misses you.
The rat barely misses you.
The ball python bites you but does no damage.
The adder bites you but does no damage.
It was a potion of invisibility.
You fade into invisibility!
The ball python bites you.
* * * LOW HITPOINT WARNING * * *
The ball python barely misses you.
The ball python bites you but does no damage.
The ball python constricts you. The river rat barely misses you.
The ball python barely misses you. The rat closely misses you.
The adder barely misses you. The ball python closely misses you.
The ball python bites you.
* * * LOW HITPOINT WARNING * * *
The ball python bites you.
* * * LOW HITPOINT WARNING * * *
The ball python constricts you.
It was a potion of lignification.
You turn into a tree.
Your +0 pair of gloves melds into your body.
The +1 robe "Miovadye" {Str+7} melds into your body.
Your roots penetrate the ground.
The ball python bites you but does no damage.
The river rat bites you but does no damage.
The adder bites you but does no damage.
The ball python bites you but does no damage.
The ball python bites you.
You die...

##### ## ##..∩# ##### ∩..#
##..######...## ####
#...##..#####......###..#####
##.......##...............#..
#.........................#.)
...........................'.)
............Sr....~~~~~~~~~#..
~~~~~~.....rr♣Sr~~~~~~~~~~~#..
~~~~~~~.....SSSS~~~~≈≈≈≈≈≈≈###
≈≈≈≈~~~~~~~~rlr~~≈≈≈≈≈≈≈≈≈≈#
≈≈≈≈≈~~~~~~~~~≈≈≈≈≈≈≈≈≈≈≈≈≈≈#
≈≈~~~~~~~~~~~~~≈≈≈≈r≈≈≈≈≈≈#≈#
~~~~~~~~~~~~~~~≈≈≈≈≈≈≈#≈
........~~~~~~~~~~≈
.......##....~~##~ ......#
##......


You could see an adder (unable to see you), 4 river rats, 5 ball pythons, a
frilled lizard (unable to see you) and 3 rats.

Vanquished Creatures
  Sigmund (D:2)
  An adder (D:2)
  A river rat (D:3)
  4 worms
  6 bats
  3 endoplasms
  A giant cockroach (D:1)
  6 goblins
  3 hobgoblins (D:2)
  2 jackals (D:3)
  4 kobolds (Sewer)
  3 quokkas
  5 ball pythons
  3 frilled lizards
  8 rats
51 creatures vanquished.

Notes
Turn   | Place    | Note
-------+----------+-------------------------------------------
     0 | D:1      | bubby the Demonspawn Wanderer began the quest for the Orb.
     0 | D:1      | bubby set off with the following items: a +0 spear, a +0
                  | chain mail, a piece from Xom's chessboard (15/15), a scroll
                  | of fear.
     0 | D:1      | Reached XP level 1. HP: 13/13 MP: 1/1
   298 | D:1      | Gained mutation: Your demonic aura sometimes causes spilled
                  | blood to erupt in flames. [demonic ancestry]
   298 | D:1      | Reached XP level 2. HP: 17/19 MP: 2/2
   373 | D:1      | Found a faded altar of an unknown god.
   473 | D:1      | Found Rahox's Antique Weapon Shop.
  1355 | D:2      | Discovered your monstrous ancestry.
  1355 | D:2      | Gained mutation: You have a pair of small antennae on your
                  | head. [demonic ancestry]
  1355 | D:2      | Reached XP level 3. HP: 24/24 MP: 3/3
  1594 | D:2      | Noticed Sigmund
  1598 | D:2      | Killed Sigmund
  1599 | D:2      | Reached XP level 4. HP: 28/30 MP: 4/4
  1599 | D:2      | Gained mutation: You sometimes gain a little power by
                  | taking damage. [demonic ancestry]
  1599 | D:2      | Reached XP level 5. HP: 33/35 MP: 5/5
  2914 | D:3      | Identified the +1 robe "Miovadye" {Str+7}
  3067 | D:3      | Found a glowing drain.
  3071 | Sewer    | Entered a sewer
  3219 | Sewer    | Gained mutation: You are dopey. (Int -2) [potion of
                  | mutation]
  3219 | Sewer    | Gained mutation: You are partially covered in iridescent
                  | scales. (AC +2) [potion of mutation]
  3225 | Sewer    | HP: 1/35 [ball python (1)]
  3226 | Sewer    | Slain by a ball python

Illustrated notes

Levels and vault maps discovered:
D:1:      beargit_arrival_diablo_church, layout_loops_ring, serial_shops,
          nicolae_shop_waterfront, ebering_ecumenical_altar_webs, st_stairs_10
D:2:      layout_basic, uniq_sigmund
D:3:      layout_basic, gup_sewer_entry_bowl
Sewer:    sewer_minmay_treatment

Skill      XL: |  1  2  3 |
---------------+----------+-----
Stealth        | 2 3 |  3.3
Armour         | 2 3 |  3.1
Polearms       | 2 |  2.6
Evocations     | |  5.7

Action                   |  1- 3 |  4- 6 || total
-------------------------+-------+-------++-------
Melee: Spear             |    96 |   113 ||   209
       Punch             |     2 |     1 ||     3
       Halberd           |       |    24 ||    24
Evoke: Piece from Xom's  |    15 |       ||    15
  Use: Potion            |       |     7 ||     7
 Stab: Sleeping          |     1 |     2 ||     3
       Paralysed         |     1 |       ||     1
Armor: Chain mail        |    48 |    63 ||   111
       Robe              |       |    26 ||    26
       Skin              |       |     4 ||     4
Dodge: Dodged            |    16 |    76 ||    92
